 Dungeon Crawl Stone Soup version 0.20-a0-464-g526fb3c (webtiles) character file.

4520 HallandMoats the Fighter (level 10, -9/80 HPs)
             Began as a Demonspawn Fighter on Jan 12, 2017.
             Was a Believer of Makhleb.
             Mangled by a two-headed ogre
             ... wielding a +0 giant club
              (11 damage)
             ... on level 8 of the Dungeon.
             The game lasted 00:14:34 (7447 turns).

HallandMoats the Fighter (Demonspawn Fighter)       Turns: 7447, Time: 00:14:35

Health: -9/80      AC: 17    Str: 17    XL:     10   Next: 17%
Magic:  12/12      EV:  6    Int: 10    God:    Makhleb [**....]
Gold:   466        SH: 10    Dex: 15    Spells: 9/9 levels left

rFire  + . .     SeeInvis .     a - +2 mace (distort)
rCold  . . .     Gourm    .     y - +0 plate armour
rNeg   . . .     Faith    .     c - +0 shield
rPois  .         Spirit   .     (no helmet)
rElec  .         Reflect  .     o - +2 cloak {MR+}
rCorr  .         Harm     .     m - +0 pair of gloves
MR     +....                    (no boots)
Stlth  ..........               (no amulet)
                                (no ring)
                                (no ring)

@: no status effects
A: fire resistance 1, flame cloud immunity
a: Minor Destruction, Renounce Religion


You were on level 8 of the Dungeon.
You worshipped Makhleb.
Makhleb was pleased with you.
You were hungry.

You visited 2 branches of the dungeon, and saw 9 of its levels.

You collected 466 gold pieces.

Inventory:

Hand Weapons
 a - a +2 mace of distortion (weapon)
 b - a +1 mace of protection
 G - a +0 whip of electrocution
Armour
 c - a +0 shield (worn)
 m - a +0 pair of gloves (worn)
 o - a +2 cloak of magic resistance (worn)
 y - a +0 plate armour (worn)
Jewellery
 J - an uncursed ring of ice {unknown}
Scrolls
 i - a scroll of recharging {unknown}
 j - 4 scrolls of identify
 k - 2 scrolls of remove curse {unknown}
 l - 7 scrolls of teleportation {unknown}
 q - 3 scrolls of magic mapping {unknown}
 v - 2 scrolls of blinking {unknown}
 x - 3 scrolls of random uselessness {unknown}
 C - a scroll of fear {unknown}
 I - a scroll of brand weapon {unknown}
Potions
 d - 2 potions of agility {unknown}
 e - 5 potions of curing
 g - 3 potions of invisibility {unknown}
 h - 2 potions of degeneration {unknown}
 n - 7 potions of heal wounds {unknown}
 s - a potion of berserk rage {unknown}
 t - 2 potions of brilliance {unknown}
 w - a potion of cancellation {unknown}
 z - a potion of flight {unknown}
 A - a potion of might
 D - a potion of lignification {unknown}
 E - 2 potions of resistance {unknown}
 H - a potion of cure mutation {unknown}
Books
 F - a book of Necromancy

   Spells                             Type                      Level
   a - Pain                           Necromancy                   1
   b - Animate Skeleton               Necromancy                   1
   c - Vampiric Draining              Necromancy                   3
   d - Regeneration                   Charms/Necromancy            3
   e - Animate Dead                   Necromancy                   4
   f - Control Undead                 Necromancy                   4
Comestibles
 f - 5 bread rations
 p - 2 meat rations
 r - 8 slices of pizza
 u - 2 fruits
 B - 3 beef jerkies


   Skills:
 * Level 8.0 Fighting
 * Level 6.2 Maces & Flails
 * Level 7.1 Armour
 * Level 6.2 Dodging
 - Level 4.6 Shields
 + Level 3.1 Invocations


You had 9 spell levels left.
You didn't know any spells.

Dungeon Overview and Level Annotations

Branches:
Dungeon (8/15)             Temple (1/1) D:5
   Lair: D:8-11

Altars:
Ashenzari
Cheibriados
Elyvilon
Fedhas
Gozag
Hepliaklqana
Kikubaaqudgha
Makhleb
Nemelex Xobeh
Okawaru
Qazlal
Ru
Sif Muna
Trog
Vehumet
Xom
Yredelemnul
Zin
The Shining One

Annotations:
D:8 Erica


Innate Abilities, Weirdness & Mutations

Your flesh is heat resistant. (rF+)
You are immune to clouds of flame.


Message History

The two-headed ogre is severely wounded.
The two-headed ogre hits you with a giant club.
The two-headed ogre hits you but does no damage.
You hit the two-headed ogre but do no damage.
Space bends around the two-headed ogre.
The two-headed ogre is severely wounded.
The two-headed ogre hits you with a giant club!
* * * LOW HITPOINT WARNING * * *
The two-headed ogre hits you with a giant club.
* * * LOW HITPOINT WARNING * * *
Your plate armour prevents you from hitting the two-headed ogre.
The two-headed ogre is severely wounded.
You block the two-headed ogre's attack.
The two-headed ogre hits you with a giant club!
* * * LOW HITPOINT WARNING * * *
You sock the two-headed ogre!
Space bends around the two-headed ogre.
The two-headed ogre is almost dead.
The two-headed ogre hits you but does no damage.
The two-headed ogre hits you with a giant club!
You die...

#. #.#####.#.# #.
#.#........ #..
........#.#
#..###.####.#.#..>#.#
...#......#.#.....#
#.#####!.#........
#.....#..###.##...
#..#..§......##...
#@.#.§##########.#
#....O..#.............#
#....#......###########
#.#..####.#.# .. #.
#...# #. ##### #


You could see a two-headed ogre.

Vanquished Creatures
  Pikel (D:7)
  A hippogriff (D:7)
  4 hogs (D:7)
  A human (D:7)
  Duvessa (D:7)
  4 ogres
  An ice beast (D:5)
  A phantom (D:6)
  The ghost of GgHarvester the Magician, an amateur OpWz (D:4)
  4 bullfrogs
  Dowan (D:7)
  4 killer bees (D:7)
  3 wights (D:6)
  2 howler monkeys
  2 crimson imps
  3 hounds
  5 orc wizards
  A gnoll shaman (D:6)
  4 centaur skeletons
  2 orc priests
  Crazy Yiuf (D:2)
  4 iguanas
  5 worker ants
  A hound zombie (D:7)
  8 gnolls
  12 adders
  A shadow imp (D:5)
  An adder zombie (D:6)
  An adder skeleton (D:7)
  2 worms
  2 dart slugs
  3 leopard geckos
  25 orcs
  6 ball pythons
  2 giant cockroaches
  10 hobgoblins
  15 jackals
  8 kobolds
  3 quokkas
  6 bats
  3 frilled lizards
  9 goblins
  24 rats
198 creatures vanquished.

Vanquished Creatures (others)
  A two-headed ogre (D:8)
  An ice beast (D:6)
  4 slaves (D:7)
  A centaur (D:7)
  A bullfrog (D:7)
  2 killer bees (D:7)
  2 crimson imps
  A bullfrog zombie (D:7)
  An orc priest (D:5)
  A hound (D:5)
  A worker ant (D:7)
  2 gnolls (D:7)
  2 orcs (D:3)
  A bush (D:5)
21 creatures vanquished.

Grand Total: 219 creatures vanquished

Notes
Turn   | Place    | Note
-------+----------+-------------------------------------------
     0 | D:1      | HallandMoats the Demonspawn Fighter began the quest for the Orb.
     0 | D:1      | Reached XP level 1. HP: 18/18 MP: 1/1
   124 | D:1      | Gained mutation: Your flesh is heat resistant. (rF+) [demonic ancestry]
   124 | D:1      | Reached XP level 2. HP: 23/24 MP: 2/2
   792 | D:2      | Reached XP level 3. HP: 26/29 MP: 3/3
   960 | D:2      | Found a white marble altar of Elyvilon.
  1421 | D:2      | Found a runed door.
  1425 | D:2      | Noticed Crazy Yiuf
  1912 | D:2      | Reached skill level 1 in Dodging
  1966 | D:2      | Killed Crazy Yiuf
  1966 | D:2      | Reached XP level 4. HP: 20/37 MP: 4/4
  2084 | D:3      | Found a basalt altar of Yredelemnul.
  2382 | D:3      | Noticed an ogre
  2389 | D:3      | Reached skill level 4 in Fighting
  2579 | D:3      | Reached XP level 5. HP: 38/42 MP: 5/5
  2587 | D:3      | Killed an ogre
  2933 | D:3      | Reached XP level 6. HP: 48/48 MP: 6/6
  3750 | D:4      | Noticed GgHarvester's ghost (amateur OpWz)
  3760 | D:4      | Killed GgHarvester's ghost
  3772 | D:4      | Reached XP level 7. HP: 38/55 MP: 7/7
  3958 | D:5      | Entered Level 5 of the Dungeon
  3971 | D:5      | Reached skill level 5 in Fighting
  3997 | D:5      | Found a staircase to the Ecumenical Temple.
  4012 | Temple   | Entered the Ecumenical Temple
  4153 | Temple   | Became a worshipper of Makhleb the Destroyer
  5414 | D:5      | Reached * piety under Makhleb
  5451 | D:6      | Gained mutation: You are immune to clouds of flame. [demonic ancestry]
  5451 | D:6      | Reached XP level 8. HP: 64/64 MP: 8/8
  5515 | D:6      | Found a stormy altar of Qazlal.
  5755 | D:6      | Reached skill level 5 in Armour
  5764 | D:6      | Reached skill level 6 in Fighting
  6403 | D:7      | Noticed Pikel
  6452 | D:7      | Killed Pikel
  6452 | D:7      | Reached skill level 5 in Maces & Flails
  6452 | D:7      | Reached XP level 9. HP: 31/71 MP: 9/9
  6454 | D:7      | Reached skill level 7 in Fighting
  6454 | D:7      | Reached skill level 5 in Dodging
  6817 | D:7      | Noticed Duvessa
  6817 | D:7      | Noticed Dowan
  6842 | D:7      | Killed Duvessa
  6842 | D:7      | Reached skill level 1 in Invocations
  6843 | D:7      | Killed Dowan
  6955 | D:7      | Reached ** piety under Makhleb
  7236 | D:7      | Reached XP level 10. HP: 80/80 MP: 10/12
  7427 | D:8      | Noticed a two-headed ogre
  7431 | D:8      | Banished a two-headed ogre
  7431 | D:8      | Reached skill level 8 in Fighting
  7432 | D:8      | Noticed Erica
  7437 | D:8      | Noticed a two-headed ogre
  7446 | D:8      | HP: 1/80 [two-headed ogre/giant club (14)]
  7447 | D:8      | Mangled by a two-headed ogre

Vault maps used:
D:1:      grunt_arrival_lava_bath, hangedman_abyss_or_decor_lesser_grid
D:2:      nicolae_overflow_crystal_walls, uniq_crazy_yiuf_cottage
D:3:      yredelemnul_altar_generic, first_bread
D:4:      minmay_rat_hole
D:5:      hangedman_decor_peaks_small, minmay_hedge_maze, kennysheep_boxes
D:6:      nicolae_qazlal_general_emergency
D:7:      grunt_livestock, uniq_duvessa, uniq_pikel
D:8:      kennysheep_housing_project, uniq_erica
Temple:   regret_index_temple_sphere_string

Skill      XL: |  1  2  3  4  5  6  7  8  9 10 |
---------------+-------------------------------+-----
Armour         | 3 4 5 7 |  7.1
Maces & Flails | 2 3 4 5 6 |  6.2
Dodging        | 1 2 3 4 6 |  6.2
Fighting       | 4 5 6 7 8 |  8.0
Shields        | 3 4 |  4.6
Invocations    | 2 3 |  3.1

Action                   |  1- 3 |  4- 6 |  7- 9 | 10-12 || total
-------------------------+-------+-------+-------+-------++-------
Melee: Flail             |   146 |       |       |       ||   146
       Mace              |    13 |   181 |   353 |    21 ||   568
  Use: Potion            |     1 |       |       |       ||     1
       Scroll            |       |     1 |       |       ||     1
  Eat: Chunk             |     1 |     7 |    12 |       ||    20
       Pizza             |     1 |       |       |       ||     1
Armor: Scale mail        |    79 |    88 |     8 |       ||   175
       Plate armour      |       |       |   188 |    11 ||   199
Dodge: Dodged            |    48 |    59 |    62 |     2 ||   171
Block: Shield            |    91 |    89 |   163 |     6 ||   349
